 Dungeon Crawl Stone Soup version 0.21.0-25-ge575cb9 (webtiles) character file.

130 halftheisland the Poker (level 4, -3/40 HPs)
             Began as a Draconian Berserker on Jan 26, 2018.
             Was a Believer of Trog.
             Slain by a gnoll
             ... wielding a +0 flail
              (6 damage)
             ... on level 3 of the Dungeon.
             The game lasted 00:11:34 (2478 turns).

halftheisland the Poker (Draconian Berserker)       Turns: 2478, Time: 00:11:35

Health: -3/40      AC:  5    Str: 17 (20) XL:     4   Next: 90%
Magic:  4/4        EV: 13    Int:  7      God:    Trog [**....]
Gold:   66         SH:  0    Dex:  8 (11) Spells: 3/3 levels left

rFire    . . .     SeeInvis .   a - +0 spear
rCold    . . .     Gourm    .   (no shield)
rNeg     . . .     Faith    .   (armour unavailable)
rPois    .         Spirit   .   (helmet restricted)
rElec    .         Reflect  .   (no cloak)
rCorr    .         Harm     .   (no gloves)
MR       .....                  (no boots)
Stlth    +.........             (no amulet)
HPRegen  0.13/turn              (no ring)
MPRegen  0.09/turn              (no ring)

@: berserk cooldown, slowed, very slow
A: unfitting armour, cold-blooded, AC +5
a: Berserk, Trog's Hand, Burn Spellbooks, Renounce Religion


You were on level 3 of the Dungeon.
You worshipped Trog.
Trog was pleased with you.
You were not hungry.

You visited 1 branch of the dungeon, and saw 3 of its levels.

You collected 66 gold pieces.

Inventory:

Hand Weapons
 a - a +0 spear (weapon)
Jewellery
 b - an uncursed amulet of magic regeneration {unknown}
 f - a cursed amulet of inaccuracy {unknown}
Scrolls
 c - 2 scrolls of remove curse
 d - 2 scrolls of teleportation
Potions
 g - a potion of curing


   Skills:
 + Level 4.2 Fighting
 + Level 4.3 Polearms
 + Level 3.6 Dodging


You had 3 spell levels left.
You didn't know any spells.

Dungeon Overview and Level Annotations

Branches:
Dungeon (3/15)

Altars:


Innate Abilities, Weirdness & Mutations

Your plain brown scales are hard. (AC +5)
You cannot fit into any form of body armour.
You are cold-blooded and may be slowed by cold attacks.


Message History

* * * LOW HITPOINT WARNING * * *
You see here a dart slug corpse.
You hit the gnoll.
You tail-slap the gnoll, but do no damage.
The gnoll is lightly wounded.
The quokka closely misses you. x2; The gnoll hits you.
* * * LOW HITPOINT WARNING * * *
The quokka bites you but does no damage.
The quokka closely misses you. The rat bites you but does no damage.
The gnoll misses you.
You closely miss the gnoll.
The gnoll is lightly wounded.
The gnoll closely misses you. The quokka bites you.
* * * LOW HITPOINT WARNING * * *
The quokka bites you but does no damage.
The rat bites you but does no damage. The gnoll barely misses you.
The gnoll completely misses you. The quokka completely misses you.
The quokka barely misses you. The gnoll hits you with a flail.
You die...

****,,* #........# *,,,,,,,,*
,,,,,,**#........# *,,,,,,,,*
,,,,,,,*#........# *,,,,,,,,*
,,,,,,,*#........# **********
,,,,,,,,#........#
,,,,,,*,#........#
,,,,,,*,#........#########
,,,,,,*,####+###.(.......#
***** ,,,,,,*,* *,*
#@g.......# *,,,, ,,,,,,*,*
*.###grr......##**,,,,
*******,**
#....r).......!.,*,,,, *
*,,**#..............#,*,,,, *
**,*#............:..#,*,,,, *
****,*#...##..........#,*,,,<
*,,,,,#...*#.........##,*>,,,
***
*,,,,,#..,*####...#....,***,*
,,***,,,,,#.,,* ###.#.###**
*,*


You could see 2 gnolls, 2 quokkas and a rat.

Vanquished Creatures
  A gnoll (D:3)
  5 adders
  2 worms
  3 dart slugs
  4 leopard geckos
  3 giant cockroaches (D:1)
  6 goblins
  8 hobgoblins
  7 kobolds
  10 bats
  4 frilled lizards
  9 rats
62 creatures vanquished.

Notes
Turn   | Place    | Note
-------+----------+-------------------------------------------
     0 | D:1      | halftheisland the Draconian Berserker began the quest for the Orb.
     0 | D:1      | Reached XP level 1. HP: 19/19 MP: 1/1
    84 | D:1      | Reached XP level 2. HP: 16/26 MP: 2/2
   592 | D:1      | Reached ** piety under Trog
   645 | D:1      | Reached XP level 3. HP: 31/33 MP: 3/3
  1316 | D:2      | Reached XP level 4. HP: 37/40 MP: 4/4
  2478 | D:3      | Slain by a gnoll

Skill      XL: |  1  2  3  4 |
---------------+-------------+-----
Dodging        | 3 |  3.6
Fighting       | 4 |  4.2
Polearms       | 4 |  4.3

Action                   |  1- 3 |  4- 6 || total
-------------------------+-------+-------++-------
Melee: Spear             |   156 |   114 ||   270
       Tailslap          |    14 |     7 ||    21
Invok: Berserk           |       |     2 ||     2
  Use: Potion            |     4 |       ||     4
       Scroll            |     2 |     2 ||     4
 Stab: Sleeping          |     2 |       ||     2
  Eat: Ration            |     1 |     1 ||     2
Armor: Skin              |    52 |    31 ||    83
Dodge: Dodged            |   116 |    90 ||   206
